 Dungeon Crawl Stone Soup version 0.27-a0-965-gbf8bb431c4 (webtiles) character file.

Game seed: 684132648897777910

53 spiderkeys the Skirmisher (level 3, -3/29 HPs)
             Began as a Demonspawn Abyssal Knight on Apr 12, 2021.
             Was a Follower of Lugonu.
             Killed from afar by an orc wizard (13 damage)
             ... with a puff of flame
             ... on level 3 of the Dungeon.
             The game lasted 00:02:11 (1876 turns).

spiderkeys the Skirmisher (DsAK)                    Turns: 1876, Time: 00:02:12

Health: -3/29      AC: 10    Str: 13    XL:     3   Next: 64%
Magic:  5/5        EV:  7    Int: 13    God:    Lugonu [*.....]
Gold:   140        SH:  0    Dex: 12    Spells: 2/2 levels left

rFire    . . .     SeeInvis .   a - +1 spear
rCold    . . .     Faith    .   (no shield)
rNeg     . . .     Spirit   .   i - +1 chain mail
rPois    .         Reflect  .   (no helmet)
rElec    .         Harm     .   f - +0 cloak
rCorr    .         Rampage  .   (no gloves)
Will     .....                  (no boots)
Stlth    ..........             (no amulet)
HPRegen  0.09/turn              j - ring of wizardry
MPRegen  0.09/turn              (no ring)

@: no status effects
A: powered by pain 1, sturdy frame 1
a: Renounce Religion, Depart the Abyss


You were on level 3 of the Dungeon.
You worshipped Lugonu.
Lugonu was aware of your devotion.
You visited 1 branch of the dungeon, and saw 3 of its levels.
You visited the Abyss 1 time.

You collected 140 gold pieces.

Inventory:

Hand Weapons
 a - a +1 spear (weapon)
Missiles
 h - 2 atropa-tipped darts
Armour
 f - a +0 cloak (worn)
 i - a +1 chain mail (worn)
Jewellery
 j - a ring of wizardry (left hand)
Scrolls
 c - a scroll of identify
Potions
 b - a potion of brilliance {unknown}
 d - a potion of haste
 e - a potion of degeneration {unknown}
 g - a potion of ambrosia {unknown}


   Skills:
 + Level 3.3 Fighting
 * Level 2.6 Polearms
 + Level 2.1 Armour
 + Level 1.4 Dodging
 + Level 3.0 Invocations


You had 2 spell levels left.
You didn't know any spells.
Your spell library was empty.

Dungeon Overview and Level Annotations

Branches:
Dungeon (3/15)

Altars:


Innate Abilities, Weirdness & Mutations

You sometimes gain a little power by taking damage.
Your movements are slightly less encumbered by armour. (ER -2)


Message History

You hear some strange, mumbled words.
A puff of flame appears from out of thin air!
The puff of flame hits you.
Things that are here:
a +0 dagger; a +0 short sword; an orc corpse You barely miss something.
You hear some strange, mumbled words.
A magic dart appears from out of thin air!
The magic dart hits you!
You hit something.
You hear some strange, mumbled words.
A puff of flame appears from out of thin air!
The puff of flame hits you!
You miss something.
You hear some strange, mumbled words.
You are confused.
Something hits you.
You hear some strange, mumbled words.
A puff of flame appears from out of thin air!
The puff of flame hits you but does no damage.
You completely miss something. Something hits you but does no damage.
You barely miss something.
You feel less confused. Something hits you but does no damage.
You hit something but do no damage. Something hits you.
You closely miss something.
You hear some strange, mumbled words.
A magic dart appears from out of thin air!
The magic dart hits you but does no damage.
You barely miss something.
An orc wizard appears from thin air!
Reactivating autopickup.
The orc wizard hits you but does no damage.
You completely miss the orc wizard.
The orc wizard is moderately wounded.
The orc wizard hits you but does no damage.
You miss the orc wizard.
The orc wizard is moderately wounded.
The orc wizard gestures at you while chanting.
The puff of flame hits you!
You die...

###### #....#
#...(# #...@#
#<).o######
#....)†...#
##....####......
#..(..# ####.
#.....# #.....#
#.##### #.#


You could see an orc wizard.

Vanquished Creatures
  Terence (D:3)
  An adder (D:2)
  A dart slug (D:2)
  2 orcs (D:3)
  2 endoplasms (D:1)
  2 goblins
  A hobgoblin (D:1)
  3 ball pythons
  3 bats
  A frilled lizard (D:2)
  A rat (D:2)
18 creatures vanquished.

Notes
Turn   | Place    | Note
-------+----------+-------------------------------------------
     0 | Abyss:1  | spiderkeys the Demonspawn Abyssal Knight began the quest
                  | for the Orb.
     0 | Abyss:1  | Reached XP level 1. HP: 18/18 MP: 2/2
    46 | Abyss:2  | Noticed an ancient zyme
    72 | Abyss:2  | Noticed a raiju
    75 | Abyss:2  | Noticed an orb spider
    75 | Abyss:2  | Noticed a ynoxinul
    84 | Abyss:2  | Noticed a large abomination
    88 | D:1      | Escaped the Abyss
   310 | D:1      | Found a faded altar of an unknown god.
   594 | D:1      | Reached skill level 1 in Dodging
   891 | D:2      | Gained mutation: You sometimes gain a little power by
                  | taking damage. [demonic ancestry]
   891 | D:2      | Reached XP level 2. HP: 19/24 MP: 3/3
  1441 | D:2      | Reached * piety under Lugonu
  1637 | D:3      | Noticed Terence
  1658 | D:3      | Killed Terence
  1659 | D:3      | Gained mutation: Your movements are slightly less
                  | encumbered by armour. (ER -2) [demonic ancestry]
  1659 | D:3      | Reached XP level 3. HP: 12/29 MP: 5/5
  1876 | D:3      | Killed from afar by an orc wizard

Illustrated notes

Levels and vault maps discovered:
D:1:      giann_horns, layout_loops_cross, basic_ecumenical_altar,
          solitary_fountain
D:2:      layout_loops_ring
D:3:      layout_rooms, uniq_terence

Skill      XL: |  1  2 |
---------------+-------+-----
Dodging        | 1 |  1.4
Polearms       | 2 |  2.6
Armour         | 2 |  2.1
Invocations    | 3 |  3.0
Fighting       | |  3.3

Action                   || total
-------------------------++-------
Melee: Spear             ||    89
Invok: Depart the Abyss  ||     1
  Use: Scroll            ||     5
Armor: Chain mail        ||    40
       Leather armour    ||     2
Dodge: Dodged            ||    12

Table legend: (Time is in decaauts)
 A = Elapsed time spent in this place.
 B = Non-inter-level travel time spent in this place.
 C = Inter-level travel time spent in this place.
 D = Time resting spent in this place.
 E = Time spent auto-exploring this place.
 F = Levels seen in this place.
 G = Mean time per level.
                   A        B        C        D        E       F      G
               +--------+--------+--------+--------+--------+-----+--------+
         Total |   1874 |   1845 |     29 |      0 |   1587 |   5 |  374.8 |
       Dungeon |   1786 |   1757 |     29 |      0 |   1552 |   3 |  595.3 |
         Abyss |     87 |     87 |      0 |      0 |     35 |   2 |   43.5 |
               +--------+--------+--------+--------+--------+-----+--------+

Top non-repeatable levels by time:
     D:2: 892 daAuts
     D:1: 655 daAuts
     D:3: 238 daAuts
 Abyss:2: 48 daAuts
 Abyss:1: 39 daAuts
